 Dungeon Crawl Stone Soup version bcrawl-1.21.2-28-g2cb1824106 (webtiles) character file.

Game seed: 1032563650296493902

80661 Morbidden the Eclecticist (level 15, -3/126 HPs)
             Began as a Djinni Conjurer on Mar 14, 2020.
             Was a High Priest of Vehumet.
             Killed from afar by Jorgrun (10 damage)
             ... with a blast of rock fragments
             ... while petrified by Jorgrun
             ... on level 12 of the Dungeon.
             The game lasted 00:51:49 (18474 turns).

Morbidden the Eclecticist (Djinni Conjurer)        Turns: 18474, Time: 00:51:50

Health: -3/126     AC: 11    Str: 13    XL:     15   Next: 24%
Magic:  43/46      EV: -1    Int: 22    God:    Vehumet [*****.]
Gold:   2182       SH:  0    Dex: 11    Spells: 37/53 levels left

rFire    + . .     SeeInvis .   v - +9 broad axe (elec)
rCold    + . .     Gourm    .   y - +0 medium shield
rNeg     + + +     Faith    .   k - +1 troll leather armour
rPois    ∞         Spirit   .   R - +1 hat
rElec    .         Reflect  .   o - +0 cloak
rCorr    .         Harm     .   D - +2 pair of gloves
MR       +....     Rnd*Rage +   (boots unavailable)
Stlth    +.........             s - amulet of magic regeneration
HPRegen  0.71/turn              K - ring of protection from cold
MPRegen  0.55/turn              (no ring)

@: petrified, grasped by roots, flying, constricted
A: never pass out, berserk 2, blink, blurry vision 2, fire resistance 1, high mp
2, wild magic 3, disrupted magic 1, MP-powered wands, floating
a: Blink, Renounce Religion


You were on level 12 of the Dungeon.
You worshipped Vehumet.
Vehumet was extremely pleased with you.
You were not hungry.

You visited 3 branches of the dungeon, and saw 19 of its levels.
You also visited: Volcano.

You collected 2315 gold pieces.
You spent 133 gold pieces at shops.

Inventory:

Hand Weapons
 v - a +9 broad axe of electrocution (weapon)
 G - a +6 demon trident of freezing
Missiles
 M - a throwing net (quivered) {!f}
Armour
 d - a +2 robe of fire resistance
 k - a +1 troll leather armour (worn)
 o - a +0 cloak (worn)
 y - a +0 medium shield (worn)
 D - a +2 pair of gloves (worn)
 R - a +1 hat (worn)
Jewellery
 i - an uncursed amulet of guardian spirit
 s - an amulet of magic regeneration (around neck)
 z - an uncursed ring of ice
 K - a ring of protection from cold (left hand)
 U - an uncursed ring of ice
Wands
 b - a wand of polymorph (6)
 l - a wand of paralysis (10)
 u - a wand of clouds (3)
 w - a wand of random effects (5)
 B - a wand of iceblast (21)
 E - a wand of flame (13)
 I - a wand of enslavement (4)
 S - a wand of acid (5)
Scrolls
 a - 3 scrolls of remove curse
 f - a scroll of identify
 j - 3 scrolls of magic mapping
 n - 9 scrolls of teleportation
 p - 3 scrolls of immolation
 A - a scroll of fog
 F - 2 scrolls of blinking
 J - a scroll of fear
 P - 4 scrolls of amnesia
 T - 3 scrolls of enchant armour
Potions
 c - 2 potions of magic
 g - a potion of agility
 h - 8 potions of might
 m - 9 potions of curing
 q - 4 potions of brilliance
 r - a potion of lignification
 t - 3 potions of flight
 x - 3 potions of cancellation
 H - a potion of resistance
 N - a potion of haste
 Q - 2 potions of invisibility
Miscellaneous
 O - a lamp of fire
Comestibles
 e - 36 rations {!d}
 L - 3 chunks of flesh


   Skills:
 * Level 10.0 Fighting
 + Level 9.5 Axes
 + Level 4.2 Armour
 + Level 4.7 Dodging
 - Level 1.5 Stealth
 * Level 5.5 Shields
 * Level 19.8 Spellcasting
 * Level 16.4 Conjurations
 * Level 2.3 Fire Magic
 + Level 0.9 Evocations


You had 37 spell levels left.
You knew the following spells:

 Your Spells              Type           Power        Failure   Level  Hunger
a - Magic Dart            Conj           ####         1%          1    None
b - Iskenderun's Mystic   Conj           ########     1%          3    None
c - Orb of Destruction    Conj           ########..   11%         7    #####..
d - Fireball              Conj/Fire      #######...   7%          5    None

Your spell library contained the following spells:

 Spells                   Type           Power        Failure   Level  Hunger
 Searing Ray              Conj           ########     1%          2    None
 Fulminant Prism          Conj/Hex       #######...   5%          4    None
 Irradiate                Conj/Tmut      #######...   10%         5    None
 Beastly Appendage        Tmut           #####.       36%         1    None
 Sticks to Snakes         Tmut           #####...     45%         2    None
 Spider Form              Tmut/Pois      ###          63%         3    None
 Ice Form                 Ice/Tmut       #####...     91%         4    None
 Blade Hands              Tmut           #####.....   99%         5    None


Dungeon Overview and Level Annotations

Branches:
Dungeon (12/12)            Temple (1/1) D:4            Lair (6/6) D:7
 Shoals (0/3) Lair:4        Snake (0/3) Lair:2        Slime (0/5) Lair:5
    Orc (0/1) D:8          Vaults (0/3) D:11         Depths (0/5) D:12

Altars:
Ashenzari
Cheibriados
Dithmenos
Elyvilon
Fedhas
Gozag
Hepliaklqana
Kikubaaqudgha
Lugonu
Makhleb
Nemelex Xobeh
Okawaru
Qazlal
Ru
Sif Muna
Trog
Uskayaw
Vehumet
Wu Jian
Xom
Yredelemnul
Zin
The Shining One
Jiyva

Shops:
D:5 (

Portals:
Trove: D:11 (give 2 scrolls of acquirement)

Annotations:
D:12 Jorgrun
Lair:4 3 runed translucent doors, Nyzic's ghost, journeyman TrMo


Innate Abilities, Weirdness & Mutations

You never pass out after going berserk.
You often lose your temper in combat.
You can translocate small distances at will.
Scrolls take you longer to read.
Your flesh is heat resistant. (rF+)
You have a considerably increased reservoir of magic. (+20% MP)
Your spells are much harder to cast, but much more powerful.
Your casting is slightly disrupted.
You expend magic power (3 MP) to strengthen your wands.
Your body floats in the air.


Message History

* * * LOW HITPOINT WARNING * * *
The grasping roots constrict you.
Jorgrun points at you and mumbles some strange words.
Some walls begin to move on their own!
* * * LOW HITPOINT WARNING * * *
The grasping roots constrict you!
You hear a howl!
Your limbs are stiffening.
Unknown command.
Unknown command.
You feel much better.
Jorgrun points at you and mumbles some strange words.
The iron shot hits you!!
* * * LOW HITPOINT WARNING * * *
x2 The grasping roots constrict you!
The ogre hits you with a +0 giant club!
* * * LOW HITPOINT WARNING * * *
You have turned to stone.
Jorgrun gestures at you while chanting.
The door shatters!
The blast of rock fragments hits you!!
You die...

##...............#..
.....§§§§§.......#..
......§§§#....^.....
......§§§#.......... .
.......§.#.......... ..
.....EEg............
###'###E.E.....######+##
.......O.......#
....E..@.#####.#
.........# .# ......#..#
# ......#..# ..... #...
###.. #.... #. ##### #.


You could see Jorgrun, 5 earth elementals and an ogre.

Vanquished Creatures
  Gastronok (D:10)
  A frost giant (D:12)
  Nessos (Lair:5)
  The ghost of Quickbrownfox the Covert, a journeyman DsAc of Okawaru (Lair:5)
  A fire dragon (Lair:6)
  7 hydras
  4 centaur warriors
  3 vault guards (D:11)
  4 two-headed ogres
  5 death yaks (Lair:3)
  Urug (Lair:5)
  2 cyclopes (D:11)
  A wizard (D:11)
  A wolf spider (Lair:6)
  A lindwurm (Lair:6)
  4 necromancers (D:11)
  5 ugly things
  An orc sorcerer (Volcano)
  A manticore (Lair:4)
  8 elephants
  Joseph (D:8)
  6 black mambas
  A molten gargoyle (Volcano)
  14 cane toads
  5 torpor snails (Lair:6)
  4 gargoyles (D:11)
  A yaktaur (D:12)
  A smoke demon (Volcano)
  A redback zombie (D:10)
  A kobold demonologist (D:10)
  4 rime drakes
  A harpy zombie (D:12)
  7 komodo dragons
  A red devil (Volcano)
  7 trolls
  4 tyrant leeches (Lair:6)
  A merfolk (D:9)
  9 hornets
  10 polar bears
  5 raiju (Lair:6)
  3 blink frogs (Lair:4)
  9 hippogriffs
  4 dream sheep (Lair:4)
  A shadow (D:11)
  14 humans (D:11)
  2 wyverns
  6 fire bats (Volcano)
  35 yaks
  Grum (D:10)
  4 basilisks
  2 hungry ghosts
  2 steam dragons
  4 wargs (Lair:6)
  4 acid dragons
  15 crocodiles
  A soldier ant (D:11)
  14 hell hounds
  7 water moccasins
  11 porcupines
  Duvessa (D:5)
  A hornet zombie (D:12)
  3 sky beasts
  12 black bears
  4 orc warriors
  3 ice beasts
  An eye of draining (D:12)
  A necrophage (D:8)
  6 ogres
  A phantom (D:10)
  22 wolves
  6 centaurs
  13 bullfrogs
  5 big kobolds
  2 scorpions
  Dowan (D:5)
  8 killer bees
  A howler monkey (D:12)
  8 electric eels
  9 wights
  2 vampire bats (D:5)
  2 centaur zombies
  3 crimson imps
  5 lava snakes (Volcano)
  2 quasits
  7 orc priests
  2 centaur skeletons
  6 hounds
  3 jellies
  2 bullfrog skeletons
  10 worker ants
  10 orc wizards
  A hound zombie (D:9)
  2 hound skeletons (D:8)
  6 worker ant zombies
  6 gnolls
  6 adders
  2 shadow imps
  An adder skeleton (D:7)
  A worm (D:4)
  5 leopard geckos
  43 orcs
  2 giant cockroaches (D:2)
  7 goblins
  6 hobgoblins
  2 jackals (D:2)
  3 quokkas
  12 bats
  3 frilled lizards
  20 kobolds
  3 rats
  A fungus (Lair:6)
  7 plants
577 creatures vanquished.

Vanquished Creatures (others)
  A wolf (Lair:6)
  3 fungi
  21 plants
  7 toadstools (D:1)
32 creatures vanquished.

Grand Total: 609 creatures vanquished

Notes
Turn   | Place    | Note
-------+----------+-------------------------------------------
     0 | D:1      | Morbidden the Djinni Conjurer began the quest for the Orb.
     0 | D:1      | Reached XP level 1. HP: 14/14 MP: 4/4
   253 | D:1      | Reached XP level 2. HP: 20/20 MP: 1/6
   813 | D:2      | Reached skill level 5 in Conjurations
  1364 | D:2      | Reached XP level 3. HP: 26/26 MP: 4/8
  2232 | D:3      | Found a sparkling altar of Nemelex Xobeh.
  2491 | D:3      | Found a glowing golden altar of the Shining One.
  2515 | D:4      | Gained mutation: Your spells are harder to cast, but more
                  | powerful. [Djinni growth]
  2515 | D:4      | Gained mutation: You can translocate small distances at
                  | will. [Djinni growth]
  2515 | D:4      | Reached XP level 4. HP: 34/34 MP: 3/9
  2614 | D:4      | Reached skill level 4 in Spellcasting
  2845 | D:4      | Reached skill level 1 in Fighting
  2923 | D:4      | Found a staircase to the Ecumenical Temple.
  2935 | Temple   | Entered the Ecumenical Temple
  3015 | Temple   | Became a worshipper of Vehumet
  3102 | D:4      | Reached XP level 5. HP: 37/40 MP: 0/11
  3243 | D:4      | Noticed an ogre
  3278 | D:4      | Killed an ogre
  3278 | D:4      | Reached skill level 5 in Spellcasting
  3299 | D:4      | Learned a level 3 spell: Iskenderun's Mystic Blast
  3351 | D:4      | Noticed an ogre
  3381 | D:4      | Killed an ogre
  3381 | D:4      | Reached skill level 1 in Armour
  3381 | D:4      | Reached XP level 6. HP: 48/48 MP: 8/14
  3755 | D:5      | Entered Level 5 of the Dungeon
  3863 | D:5      | Found an opulent altar of Gozag.
  3907 | D:5      | Reached skill level 6 in Spellcasting
  4075 | D:5      | Reached XP level 7. HP: 55/56 MP: 8/16
  4176 | D:5      | Found a shimmering blue altar of Sif Muna.
  4422 | D:5      | Noticed Duvessa
  4422 | D:5      | Noticed Dowan
  4425 | D:5      | Killed Dowan
  4427 | D:5      | Killed Duvessa
  4487 | D:5      | Found Yhiutoud's Antique Weapon Boutique.
  4490 | D:5      | Bought a runed broad axe for 133 gold pieces
  4957 | D:6      | Reached skill level 7 in Spellcasting
  5233 | D:6      | Reached skill level 1 in Axes
  5233 | D:6      | Gained mutation: Your spells are much harder to cast, but
                  | much more powerful. [Djinni growth]
  5233 | D:6      | Reached XP level 8. HP: 37/63 MP: 7/19
  5407 | D:6      | Reached * piety under Vehumet
  5407 | D:6      | Offered knowledge of Freeze by Vehumet.
  5468 | D:6      | Reached skill level 8 in Spellcasting
  5846 | D:7      | Reached skill level 9 in Spellcasting
  5952 | D:7      | Reached ** piety under Vehumet
  5952 | D:7      | Reached XP level 9. HP: 34/71 MP: 11/22
  5958 | D:7      | Offered knowledge of Sandblast by Vehumet.
  6210 | D:7      | Noticed a troll
  6239 | D:7      | Noticed a troll
  6317 | D:7      | Killed a troll
  6327 | D:7      | Reached skill level 10 in Spellcasting
  6400 | D:7      | Killed a troll
  6588 | D:7      | Found a staircase to the Lair.
  6690 | D:7      | Found an ornate altar of the Wu Jian Council.
  6847 | D:8      | Reached skill level 5 in Fighting
  6874 | D:8      | Offered knowledge of Dazzling Spray by Vehumet.
  6894 | D:8      | Noticed a tengu conjurer
  6923 | D:7      | Reached skill level 11 in Spellcasting
  6923 | D:7      | Reached skill level 10 in Conjurations
  7040 | D:8      | Found a staircase to the Orcish Mines.
  7133 | D:8      | Found an ancient bone altar of Kikubaaqudgha.
  7133 | D:8      | Found a blossoming altar of Fedhas.
  7133 | D:8      | Found a glowing silver altar of Zin.
  7133 | D:8      | Found a shadowy altar of Dithmenos.
  7183 | D:8      | Reached *** piety under Vehumet
  7241 | D:8      | Found a hazy altar of Hepliaklqana.
  7297 | D:8      | Reached XP level 10. HP: 81/81 MP: 16/25
  7458 | D:8      | Found a burning altar of Makhleb.
  7534 | D:8      | Reached skill level 1 in Shields
  7623 | D:8      | Noticed Joseph
  7628 | D:8      | Killed Joseph
  7784 | Lair:1   | Entered Level 1 of the Lair of Beasts
  7979 | Lair:1   | Offered knowledge of Conjure Flame by Vehumet.
  7979 | Lair:1   | Reached skill level 12 in Spellcasting
  8050 | Lair:1   | Reached skill level 5 in Axes
  8205 | Lair:1   | Noticed a cane toad
  8209 | Lair:1   | Killed a cane toad
  8323 | Lair:1   | Found an ancient bone altar of Kikubaaqudgha.
  8616 | Lair:2   | Noticed a cane toad
  8616 | Lair:2   | Noticed a cane toad
  8623 | Lair:1   | Reached XP level 11. HP: 46/87 MP: 11/27
  8624 | Lair:1   | Reached **** piety under Vehumet
  8705 | Lair:2   | Reached skill level 13 in Spellcasting
  8810 | Lair:2   | Found a staircase to the Snake Pit.
  8823 | Lair:2   | Offered knowledge of Throw Icicle by Vehumet.
  8896 | Lair:2   | Noticed an eight-headed hydra
  8899 | Lair:2   | Killed an eight-headed hydra
  8924 | Lair:2   | Noticed an eight-headed hydra
  8927 | Lair:2   | Killed an eight-headed hydra
  8927 | Lair:2   | Reached skill level 14 in Spellcasting
  9670 | Lair:3   | Noticed a death yak
  9670 | Lair:3   | Noticed a death yak
  9676 | Lair:3   | Noticed a death yak
  9677 | Lair:3   | Noticed a death yak
  9724 | Lair:3   | Noticed a four-headed hydra
  9742 | Lair:3   | Killed a four-headed hydra
  9822 | Lair:3   | Found a dark tunnel.
  9830 | Volcano  | Entered a volcano
 10046 | Volcano  | Noticed a red ugly thing
 10058 | Volcano  | Noticed an orc sorcerer
 10084 | Volcano  | Noticed a red ugly thing
 10092 | Volcano  | Killed an orc sorcerer
 10093 | Volcano  | Found a bloodstained altar of Trog.
 10105 | Volcano  | Gained mutation: Your casting is slightly disrupted.
                  | [Djinni growth]
 10105 | Volcano  | Gained mutation: Your flesh is heat resistant. (rF+)
                  | [Djinni growth]
 10105 | Volcano  | Gained mutation: You have an increased reservoir of magic.
                  | (+10% MP) [Djinni growth]
 10105 | Volcano  | Gained mutation: You have a considerably increased
                  | reservoir of magic. (+20% MP) [Djinni growth]
 10105 | Volcano  | Reached XP level 12. HP: 89/98 MP: 23/37
 10108 | Volcano  | Reached skill level 15 in Spellcasting
 10429 | Lair:3   | Noticed a death yak
 10440 | Lair:3   | Killed a death yak
 10534 | Lair:3   | Noticed a six-headed hydra
 10538 | Lair:3   | Killed a six-headed hydra
 10538 | Lair:3   | Reached ***** piety under Vehumet
 10776 | Lair:3   | Offered knowledge of Yara's Violent Unravelling by Vehumet.
 10937 | Lair:3   | Killed a death yak
 10937 | Lair:3   | Reached skill level 16 in Spellcasting
 10951 | Lair:3   | Killed a death yak
 10954 | Lair:3   | Killed a death yak
 10959 | Lair:3   | Killed a death yak
 11323 | Lair:4   | Found a staircase to the Shoals.
 11498 | Lair:4   | Found a runed translucent gate.
 11504 | Lair:4   | Found a runed translucent gate.
 11505 | Lair:4   | Found a runed translucent gate.
 11520 | Lair:4   | Noticed Nyzic's ghost (journeyman TrMo)
 11532 | Lair:4   | Found a viscous altar of Jiyva.
 11601 | Lair:4   | Reached XP level 13. HP: 60/107 MP: 31/40
 12252 | Lair:5   | Reached skill level 17 in Spellcasting
 12493 | Lair:5   | Noticed Urug
 12504 | Lair:5   | Killed Urug
 12591 | Lair:5   | Noticed Nessos
 12599 | Lair:5   | Killed Nessos
 12642 | Lair:5   | Found a runed translucent door.
 12642 | Lair:5   | Noticed Quickbrownfox's ghost (journeyman DsAc)
 12659 | Lair:5   | Killed Quickbrownfox's ghost
 12912 | Lair:5   | Found a viscous altar of Jiyva.
 12913 | Lair:5   | Found a staircase to the Slime Pits.
 12972 | Lair:6   | Entered Level 6 of the Lair of Beasts
 13020 | Lair:6   | Found a runed door.
 13029 | Lair:6   | Noticed a fire dragon
 13035 | Lair:6   | Killed a fire dragon
 13318 | Lair:6   | Offered knowledge of Iskenderun's Battlesphere by Vehumet.
 13464 | Lair:6   | Reached skill level 15 in Conjurations
 13668 | Lair:6   | Reached skill level 18 in Spellcasting
 13740 | Lair:6   | Reached XP level 14. HP: 116/116 MP: 33/43
 14366 | Lair:6   | Found a shimmering blue altar of Sif Muna.
 15285 | D:9      | Offered knowledge of Orb of Destruction by Vehumet.
 15294 | D:9      | Learned a level 7 spell: Orb of Destruction
 15533 | D:9      | Found a sacrificial altar of Ru.
 15798 | D:10     | Entered Level 10 of the Dungeon
 15846 | D:10     | Noticed Grum
 15849 | D:10     | Killed Grum
 16021 | D:10     | Noticed Gastronok
 16031 | D:10     | Killed Gastronok
 16388 | D:10     | Reached skill level 5 in Shields
 16785 | D:11     | Reached skill level 19 in Spellcasting
 16885 | D:11     | Offered knowledge of Fireball by Vehumet.
 16898 | D:11     | Learned a level 5 spell: Fireball
 17110 | D:11     | Reached skill level 1 in Fire Magic
 17330 | D:11     | Identified the +7 spear "Juemoh" {holy, rF+ MR+ Int+3}
 17405 | D:11     | Reached XP level 15. HP: 126/126 MP: 33/46
 17669 | D:11     | Got a jewelled morningstar
 17672 | D:11     | Identified the +1 morningstar "Kuhebel" {holy, rC+ MR+
                  | Int+3 Dex-5} (You found it on level 11 of the Dungeon)
 17714 | D:11     | Found a gate to the Vaults.
 17867 | D:11     | Found a portal to a secret trove of treasure.
 17950 | D:12     | Entered Level 12 of the Dungeon
 18184 | D:12     | Found a staircase to the Depths.
 18184 | D:12     | Noticed a frost giant
 18190 | D:12     | Killed a frost giant
 18401 | D:12     | Reached skill level 10 in Fighting
 18453 | D:12     | Noticed Jorgrun
 18469 | D:12     | HP: 2/126 [Jorgrun/+0 quarterstaff of crushing (6)]
 18474 | D:12     | Killed from afar by Jorgrun

Skill      XL: |  1  2  3  4  5  6  7  8  9 10 11 12 13 14 15 |
---------------+----------------------------------------------+-----
Conjurations   | 5 6 7 8 10 11 13 14 15 16 | 16.4
Spellcasting   | 4 5 6 7 9 11 12 14 16 18 19 | 19.8
Fighting       | 1 2 3 4 5 6 7 8 9 10 | 10.0
Armour         | 1 2 3 4 |  4.2
Axes           | 1 2 4 5 6 7 8 9 |  9.5
Dodging        | 3 4 |  4.7
Shields        | 1 3 4 5 |  5.5
Fire Magic     | 1 2 |  2.3
Stealth        | |  1.5
Evocations     | |  0.9

Action                   |  1- 3 |  4- 6 |  7- 9 | 10-12 | 13-15 || total
-------------------------+-------+-------+-------+-------+-------++-------
Melee: Whip              |       |    13 |       |       |       ||    13
       Broad axe         |       |       |    43 |    49 |    83 ||   175
 Cast: Magic Dart        |    68 |    67 |    92 |       |       ||   227
       Iskenderun's Myst |       |     4 |    95 |   248 |   553 ||   900
 Abil: Blink             |       |       |       |       |     2 ||     2
Evoke: Wand              |       |       |       |       |     5 ||     5
       Lamp of fire      |       |       |       |       |     1 ||     1
  Use: Scroll            |     3 |       |     7 |     7 |    13 ||    30
       Potion            |       |       |     8 |     1 |     4 ||    13
  Eat: Chunk             |     4 |     6 |    10 |    13 |    21 ||    54
Armor: Leather armour    |     1 |    11 |    19 |       |       ||    31
       Troll leather arm |       |       |     1 |    13 |    54 ||    68
Dodge: Dodged            |     2 |    22 |    64 |    19 |    85 ||   192
Block: Medium shield     |       |       |     4 |    23 |    80 ||   107
